Map: King's Cove LE

Players

Wexford - Winner!

  • Race: Zerg Zerg
  • League: Master
  • Spawn Location: 11:00

Mez

  • Race: Terran Terran
  • League: Master
  • Spawn Location: 5:00

VOD

Have the link to the VOD?

Description

Time

  • Played on: July 28, 2019, 6:46 p.m.
  • Length: 14:13
Show
View Real Time Build Order
Export as new Build Order

Wexford Zerg - Winner!

Build Orders: Pool First, Muta Ling Bane 

Get SALT Encoding   

  12  0:00  Drone  
  13  0:09  Drone  
  14  0:17  Overlord  
  14  0:36  Drone x3  
  17  0:46  Spawning Pool  
  16  0:50  Drone  
  17  1:13  Hatchery  
  17  1:17  Drone  
  17  1:19  Drone  
  17  1:23  Drone  
  19  1:33  Extractor  
  19  1:34  Queen  
  19  1:39  Drone  
  21  1:46  Overlord  
  21  1:52  Zergling x2  
  22  2:10  Queen  
  22  2:14  Drone x2  
  26  2:24  Drone  
  26  2:27  Drone, Queen  
  30  2:34  Drone  
  32  2:44  Drone x4  
  32  2:47  Drone  
  36  2:52  Roach Warren  
  36  2:53  Extractor  
  36  2:55  Drone  
  34  3:02  Drone x2  
  36  3:13  Lair  
  36  3:20  Overlord x2  
  36  3:22  Overlord  
  36  3:32  Metabolic Boost  
  36  3:36  Baneling Nest  
  36  3:37  Drone  
  36  3:40  Drone x3  
  39  3:41  Drone  
  39  3:46  Drone x2  
  42  3:50  Drone  
  42  3:52  Drone  
  44  4:08  Hatchery  
  43  4:11  Extractor  
  43  4:12  Extractor  
  41  4:18  Drone x2  
  41  4:19  Drone, Centrifical Hooks  
  41  4:21  Zergling x4  
  41  4:23  Zergling x2  
  47  4:27  Zergling x2  
  47  4:28  Zergling x4  
  50  4:40  Zergling x6  
  50  4:41  Zergling x4  
  55  4:52  Spire  
  54  4:54  Baneling x4  
  54  5:04  Overlord x3  
  54  5:05  Drone  
  54  5:06  Drone x2  
  57  5:09  Drone  
  57  5:11  Drone  
  59  5:16  Drone  
  59  5:22  Drone x4  
  59  5:24  Drone  
  64  5:29  Drone  
  64  5:32  Baneling x3  
  65  5:38  Drone x5  
  70  6:04  Mutalisk  
  70  6:05  Mutalisk x5  
  70  6:08  Extractor  
  70  6:09  Drone x2, Zergling x4  
  70  6:10  Zergling x2, Drone x2, Extractor  
  70  6:11  Overlord  
  87  6:13  Overlord  
  87  6:16  Drone  
  87  6:18  Drone x2  
  90  6:30  Evolution Chamber  
  90  6:31  Evolution Chamber  
  88  6:33  Overlord, Mutalisk x3  
  94  6:46  Mutalisk  
  94  6:47  Mutalisk  
  93  6:48  Zergling x10  
  102  6:55  Drone x4  
  102  6:56  Drone x2  
  108  7:06  Hatchery  
  108  7:07  Baneling x6  
  107  7:10  Zergling x6  
  107  7:11  Zergling x4  
  107  7:12  Drone  
  113  7:22  Baneling x4  
  113  7:23  Baneling x2  
  111  7:34  Zergling x10  
  111  7:35  Zergling x2  
  98  7:47  Mutalisk x3  
  98  7:48  Mutalisk x3  
  98  7:50  Mutalisk  
  105  8:07  Mutalisk x2  
  105  8:12  Mutalisk  
  106  8:18  Mutalisk  
  109  8:22  Drone x3  
  109  8:23  Drone x4, Queen  
  118  8:42  Baneling x2  
  118  8:43  Baneling x4  
  118  8:46  Queen  
  120  8:50  Zerg Ground Armor Level 1  
  120  8:51  Zerg Melee Weapons Level 1  
  120  8:54  Infestation Pit  
  112  9:07  Mutalisk x3  
  113  9:13  Zergling x18  
  113  9:15  Overlord x4  
  120  9:23  Overlord x4  
  120  9:26  Extractor  
  120  9:27  Extractor  
  118  9:37  Hive  
  118  9:40  Baneling x6  
  118  9:41  Zergling x6, Baneling  
  118  9:42  Zergling x12  
  127  9:46  Zergling x2  
  127  9:47  Zergling x2, Hatchery  
  127  9:51  Baneling x5  
  127  9:52  Drone  
  129  10:06  Zergling x2  
  129  10:07  Zergling x4  
  131  10:21  Zergling x2  
  131  10:22  Zergling x24  
  143  10:33  Baneling x4  
  143  10:34  Baneling x5  
  143  10:56  Baneling x4  
  120  11:14  Mutalisk x2  
  113  11:20  Mutalisk x2  
  113  11:21  Mutalisk x4  
  113  11:22  Zergling x2  
  113  11:23  Zergling x14  
  125  11:35  Zergling x2  
  125  11:36  Zergling x6  
  125  11:39  Zergling x2  
  128  11:41  Zergling x6  
  128  11:44  Zergling x4  
  128  11:45  Zergling x2  
  134  11:51  Ultralisk Cavern  
  133  11:56  Baneling x7  
  133  12:02  Zergling x12  
  133  12:05  Drone x3  
  142  12:15  Baneling x3  
  142  12:16  Baneling x4  
  142  12:21  Hatchery  
  141  12:23  Overlord x2  
  141  12:34  Baneling x6  
  141  12:40  Chitinous Plating  
  141  12:44  Ultralisk  
  141  12:45  Ultralisk x7  
  141  12:48  Baneling x2  
  141  12:49  Baneling  
  188  12:51  Baneling  
  156  13:07  Mutalisk x2  
  156  13:09  Ultralisk  
  152  13:14  Zergling x28  
  152  13:15  Zergling x14  
  173  13:34  Zergling x4  
  173  13:35  Zergling x10  
  180  13:44  Zergling x4  
Show
View Real Time Build Order
Export as new Build Order

Mez Terran 

Build Orders: Reaper Expand 

Get SALT Encoding   

  12  0:01  SCV  
  13  0:13  SCV  
  14  0:18  Supply Depot  
  14  0:25  SCV  
  15  0:40  SCV  
  15  0:41  Barracks  
  16  0:45  Refinery  
  16  0:52  SCV  
  18  1:04  SCV  
  18  1:16  SCV  
  19  1:29  Orbital Command  
  19  1:30  Reaper  
  20  1:45  Command Center  
  20  1:54  Barracks  
  20  1:59  SCV  
  21  2:04  Barracks Reactor  
  21  2:12  Barracks  
  21  2:18  SCV  
  21  2:22  Supply Depot  
  22  2:33  SCV  
  23  2:48  SCV, Marine x2, Barracks Tech Lab  
  26  3:07  SCV  
  26  3:10  Marine x3  
  26  3:11  Combat Shield, Marine  
  31  3:13  Orbital Command  
  31  3:19  SCV  
  31  3:24  Bunker  
  31  3:26  Supply Depot  
  31  3:29  Marine  
  31  3:30  Marine x2  
  34  3:36  Marauder  
  34  3:39  SCV  
  34  3:40  SCV  
  38  3:51  SCV  
  38  3:52  SCV, Marine x2  
  38  3:53  Marine  
  43  4:00  Bunker  
  43  4:04  Marauder  
  43  4:05  SCV x2  
  43  4:07  Supply Depot  
  47  4:12  Marine x3  
  50  4:21  Supply Depot  
  50  4:25  SCV x2  
  54  4:31  Marauder  
  54  4:35  Supply Depot  
  54  4:36  Marine x3  
  57  4:40  SCV x2  
  57  4:44  Stimpack  
  59  4:52  SCV x2  
  61  4:58  Factory  
  61  4:59  Supply Depot  
  61  5:04  SCV x2  
  63  5:07  Refinery x2  
  63  5:16  SCV x2  
  63  5:20  Marine x2  
  63  5:21  Marauder  
  68  5:28  SCV x2  
  70  5:37  Command Center  
  70  5:39  Supply Depot  
  70  5:40  SCV  
  70  5:42  Marauder  
  73  5:43  Starport  
  73  5:44  Factory Reactor  
  73  5:46  SCV  
  73  5:49  Marine  
  74  5:50  Marine x2  
  74  5:56  Engineering Bay  
  77  5:59  Engineering Bay, SCV  
  77  6:00  SCV  
  79  6:08  Supply Depot  
  79  6:11  Barracks Reactor, Marine x2, Marauder  
  81  6:12  SCV x2  
  81  6:17  Refinery  
  85  6:28  Medivac  
  85  6:29  Medivac  
  89  6:37  Supply Depot  
  89  6:40  Supply Depot  
  89  6:44  Marine x3  
  89  6:46  SCV x2  
  94  6:48  Terran Infantry Armor Level 1, Terran Infantry Weapons Level 1  
  94  6:57  Marine x2  
  96  7:02  SCV x2  
  96  7:03  Medivac x2  
  96  7:04  Barracks x2  
  102  7:09  Concussive Shells  
  102  7:11  Supply Depot  
  102  7:12  Supply Depot  
  102  7:15  SCV x2, Orbital Command  
  102  7:19  Missile Turret  
  102  7:21  Missile Turret  
  104  7:26  Missile Turret, Marauder  
  106  7:34  Marine x2  
  106  7:36  Marine  
  103  7:43  Marine  
  87  7:47  Marauder  
  78  7:51  Marine  
  78  7:52  Marine  
  78  7:54  Marine  
  78  7:55  Barracks Reactor x2  
  78  7:56  SCV  
  78  7:57  SCV x2  
  78  8:01  Marine  
  77  8:08  Marauder  
  77  8:09  Marine  
  77  8:10  Marine  
  77  8:12  Marine  
  80  8:17  SCV x3  
  80  8:19  Marine  
  78  8:21  Armory, Medivac x2  
  80  8:27  Marine x2  
  80  8:40  Marine x7  
  85  8:45  Marine  
  85  8:47  Marine  
  85  8:48  Orbital Command  
  86  8:58  Marine x4  
  86  9:02  Marine x2  
  89  9:03  Marine x2  
  89  9:05  Marine  
  89  9:13  SCV x2  
  89  9:14  SCV  
  89  9:15  Marine  
  93  9:22  Marine x7  
  93  9:23  Marine  
  99  9:25  SCV  
  99  9:26  SCV x2  
  99  9:28  Supply Depot  
  102  9:33  Marine  
  102  9:38  SCV x3  
  106  9:40  Marine  
  106  9:41  Marine x3  
  106  9:43  Terran Infantry Armor Level 2, Terran Infantry Weapons Level 2  
  110  9:50  SCV x2  
  110  9:51  Marine  
  113  9:55  Supply Depot  
  113  9:59  Supply Depot  
  113  10:05  Marine x6  
  121  10:09  Marine  
  121  10:12  Command Center  
  112  10:23  Marine  
  112  10:24  Missile Turret  
  112  10:26  Missile Turret  
  112  10:28  Barracks, Medivac x2  
  111  10:29  Barracks  
  111  10:30  SCV, Barracks  
  111  10:31  SCV  
  111  10:35  Supply Depot  
  117  10:43  Marine  
  117  10:44  Marine x2  
  117  10:45  Marine x5  
  122  10:58  Medivac  
  111  11:04  Marine x2  
  111  11:05  Marine x7  
  98  11:22  Marine x2  
  98  11:23  Marine x3  
  96  11:26  Marine  
  96  11:28  Barracks Reactor x3  
  96  11:32  Missile Turret  
  86  11:36  Marine x3  
  86  11:39  Marine  
  89  11:40  Marine x2  
  89  11:41  Marine x2  
  89  11:44  Marine  
  89  11:45  Supply Depot  
  95  11:47  Supply Depot  
  95  11:49  Missile Turret  
  95  11:53  Marine  
  95  11:54  Marine x2  
  96  11:59  Planetary Fortress  
  96  12:01  Missile Turret  
  98  12:02  Marine x5  
  98  12:03  Marine  
  98  12:07  SCV x3  
  107  12:10  Marine x3, Supply Depot  
  107  12:11  Marine  
  107  12:13  Medivac x2  
  115  12:19  SCV x3  
  118  12:25  Marine x8  
  118  12:26  Marine  
  118  12:27  Marine x2  
  129  12:38  SCV x2  
  129  12:40  Marine x4  
  129  12:43  Marine  
  136  12:52  Marine  
  125  13:02  Marine x3  
  125  13:03  Marine x11  
  116  13:09  Medivac x2  
  116  13:10  Marine  
  109  13:16  Command Center  
  109  13:20  Marine x8  
  109  13:21  Marine x6  
  123  13:28  Marine  
  123  13:33  Barracks  
  123  13:34  Barracks  
  124  13:35  Barracks  
  124  13:36  Barracks  
  124  13:38  Marine x3  
  124  13:39  Medivac x2  
  124  13:40  Marine x8  
  124  13:41  Marine x2  
Tags
 
Add a new tag
Caveats
  • Supply blocks, unpowered buildings, or Contaminate may cause inaccurate times.
  • Supply counts are checked every 10 seconds.